 Dungeon Crawl Stone Soup version 0.19-a0-1107-gc676ff4 (webtiles) character file.

22 Duffy the Chopper (level 2, -1/24 HPs)
             Began as a Centaur Gladiator on Aug 9, 2016.
             Slain by an adder (2 damage)
             ... on level 2 of the Dungeon.
             The game lasted 00:00:39 (846 turns).

Duffy the Chopper (Centaur Gladiator)                Turns: 846, Time: 00:00:40

Health: -1/24      AC:  5    Str: 17    XL:     2   Next: 68%
Magic:  2/2        EV:  9    Int:  7    God:
Gold:   22         SH:  0    Dex:  9    Spells: 0 memorised, 1 level left

rFire  . . .     SeeInvis .     a - +0 war axe
rCold  . . .     Gourm    .     b - +0 leather armour
rNeg   . . .     Faith    .     (no shield)
rPois  .         Spirit   .     c - +0 helmet
rElec  .         Dismiss  .     (no cloak)
rCorr  .         Reflect  .     (no gloves)
SustAt .         Harm     .     (no barding)
MR     .....                    (no amulet)
Stlth  ..........               (no ring)
                                (no ring)

@: lethally poisoned (-1 -> -13), very quick
A: hooves 3, deformed body, speed 2, tough skin 3
a: no special abilities


You were on level 2 of the Dungeon.
You were not hungry.

You visited 1 branch of the dungeon, and saw 2 of its levels.

You collected 22 gold pieces.


Innate Abilities, Weirdness & Mutations

You have hooves in place of feet.
Armour fits poorly on your strangely shaped body.
You cover ground very quickly.
You have extremely tough skin. (AC +3)


   Skills:
 - Level 2.0 Fighting
 + Level 3.6 Axes
 - Level 2.1 Throwing
 - Level 2.1 Dodging


You had one spell level left.
You didn't know any spells.

Inventory:

Hand Weapons
 a - a +0 war axe (weapon)
Missiles
 d - 3 throwing nets (quivered)
Armour
 b - a +0 leather armour (worn)
 c - a +0 helmet (worn)
Scrolls
 e - a scroll of fear {unknown}
 i - a scroll of amnesia {unknown}
 j - a scroll of remove curse {unknown}
Potions
 g - 2 potions of heal wounds {unknown}
 h - a potion of flight {unknown}
 k - a potion of lignification {unknown}
 l - 3 potions of degeneration {unknown}
 m - a potion of curing {unknown}
 o - a potion of berserk rage {unknown}
Comestibles
 f - 2 bread rations
 n - a royal jelly

Dungeon Overview and Level Annotations

Branches:
Dungeon (2/15)

Altars:


Message History

An adder comes into view.
The adder hisses angrily.
An adder is nearby!
The adder bites you.
You are poisoned.
The adder poisons you!
You closely miss the adder. Your kick misses the adder.
You feel sick. The adder bites you. The adder bites you but does no damage.
You hit the adder.
The adder is lightly wounded.
The adder bites you but does no damage.
You completely miss the adder.
The adder is lightly wounded.
You feel sick. The adder bites you but does no damage.
The adder barely misses you.
You closely miss the adder.
The adder is lightly wounded.
The adder bites you.
You are more poisoned.
The adder poisons you! The adder bites you but does no damage.
You closely miss the adder.
The adder is lightly wounded.
You feel sick. The adder bites you but does no damage.
You hit the adder.
The adder is lightly wounded.
You feel sick. The adder bites you. The adder barely misses you.
You are too injured to fight recklessly!
You are too injured to fight recklessly!
You are too injured to fight recklessly!
You are too injured to fight recklessly!
You are too injured to fight recklessly!
You are too injured to fight recklessly!
You are too injured to fight recklessly!
You are too injured to fight recklessly!
You are too injured to fight recklessly!
You are too injured to fight recklessly!
You are too injured to fight recklessly!
You are too injured to fight recklessly!
You are too injured to fight recklessly!
You are too injured to fight recklessly!
You are too injured to fight recklessly!
You barely miss the adder.
The adder is lightly wounded.
You feel sick. The adder bites you. x2
You are more poisoned.
The adder poisons you!
You miss the adder. Your kick misses the adder.
The adder is lightly wounded.
You feel sick. The adder bites you. x2
You die...

#### ####....
#####...##
#.....#..#
#.###....#
#.###########.#
##.#.#
#...!.S@......#
#.#.##
#.#############
#..#.## #.###..
##.#.## #.##
#.###
##########.#..
#.......##.#.#
#.#####.##.#.#


You could see an adder.

Action                   || total
-------------------------++-------
Melee: War axe           ||    37
       Kick              ||     4
Armor: Leather armour    ||    18
Dodge: Dodged            ||    19

Notes
Turn   | Place    | Note
-------+----------+-------------------------------------------
     0 | D:1      | Duffy the Centaur Gladiator began the quest for the Orb.
     0 | D:1      | Reached XP level 1. HP: 17/17 MP: 1/1
   175 | D:1      | Reached skill level 3 in Axes
   279 | D:1      | Reached XP level 2. HP: 23/24 MP: 2/2
   846 | D:2      | Slain by an adder

Skill      XL: |  1 |
---------------+----+-----
Axes           | 3 |  3.6
Fighting       | |  2.0
Throwing       | |  2.1
Dodging        | |  2.1

Vault maps used:
D:1:      dpeg_arrival_long_road
D:2:      okawaru_metal_pillars_1_2, uniq_crazy_yiuf_cottage

Vanquished Creatures
  An ooze
  A dart slug
  A giant gecko
  2 giant cockroaches
  3 goblins
  A hobgoblin
  2 bats
  A giant newt
  A kobold
  2 rats
15 creatures vanquished.
